AoeStats
← KimiJay

Arabian Desert

509878825Analyzed
1v1 RM · 5d ago on Sep 28, 2026· 41m 17s· 2 players
Game mode
Random Map
Map size
Tiny (2 player)
Population
200
Speed
Normal
Resources
Standard
Victory
Conquest
Starting age
Dark Age
Ending age
Imperial Age
RankedLock teamsTeams togetherTeam positionsShared explorationLock speedFull tech treeHidden civsTurbo modeCheats
Victory
Defeat
🇨🇿 Vikings · Czechia
1012
+18
🇭🇺 Japanese · Hungary
1049
-18
KimiJay
5:53 Loom
9:45 Feudal Age
10:14 Double-Bit Axe
12:38 Man-at-Arms
22:28 Castle Age
23:46 Scale Mail Armor
24:13 Fletching
24:27 Squires
24:44 Long Swordsman
26:56 Bow Saw
36:13 Town Watch
41:15 Arson
sün
2:50 Loom
10:41 Feudal Age
11:15 Man-at-Arms
14:23 Forging
22:34 Castle Age
22:36 Long Swordsman
24:27 Iron Casting
26:05 Scale Mail Armor
31:11 Chain Mail Armor
33:51 Gambesons
Connection lost

Rejoining the realm…

Still unreachable

The connection could not be restored.

Session expired

The server has moved on; the page needs a fresh start.